Map: Pillars of Gold LE

Players

Erode - Winner!

  • Race: Protoss Protoss
  • League: Gold
  • Spawn Location: 7:00

airboss

  • Race: Terran Terran
  • League: Silver
  • Spawn Location: 1:00

VOD

Have the link to the VOD?

Description

Time

  • Played on: Aug. 26, 2020, 5:36 p.m.
  • Length: 12:47
Show
View Real Time Build Order
Export as new Build Order

Erode Protoss - Winner!

Build Orders: Double Forge 

Get SALT Encoding   

  12  0:00  Probe  
  13  0:12  Probe  
  14  0:21  Pylon  
  14  0:24  Probe  
  15  0:39  Probe (Chrono Boost)  
  15  0:41  Gateway  
  17  0:50  Probe (Chrono Boost)  
  17  0:53  Assimilator  
  17  0:55  Probe (Chrono Boost)  
  18  1:05  Probe  
  19  1:11  Gateway  
  19  1:17  Probe  
  20  1:27  Pylon  
  20  1:29  Probe  
  21  1:37  Cybernetics Core  
  21  1:41  Probe  
  21  1:45  Assimilator  
  22  1:54  Probe  
  23  2:06  Probe  
  24  2:13  Stalker  
  24  2:14  Stalker  
  28  2:30  Warp Gate (Chrono Boost), Nexus  
  28  2:32  Probe  
  29  2:48  Forge  
  29  3:00  Pylon  
  29  3:12  Gateway  
  29  3:19  Gateway  
  29  3:22  Gateway  
  29  3:25  Probe  
  30  3:32  Protoss Ground Weapons Level 1 (Chrono Boost)  
  30  3:43  Forge  
  30  3:48  Probe  
  30  3:49  Probe  
  32  4:00  Probe  
  32  4:01  Probe  
  34  4:06  Sentry  
  34  4:07  Sentry  
  38  4:20  Protoss Ground Armor Level 1 (Chrono Boost)  
  38  4:22  Twilight Council, Probe x2  
  40  4:24  Pylon  
  40  4:28  Stalker  
  42  4:34  Probe  
  43  4:46  Probe  
  43  4:49  Stalker  
  43  4:51  Zealot  
  48  5:02  Probe  
  48  5:04  Probe  
  50  5:08  Pylon  
  50  5:13  Charge (Chrono Boost)  
  50  5:15  Probe  
  50  5:16  Probe  
  50  5:18  Protoss Shields Level 1  
  52  5:26  Stalker x3  
  52  5:27  Stalker  
  60  5:31  Zealot  
  62  5:36  Probe x2  
  62  5:39  Assimilator  
  64  5:43  Assimilator  
  64  5:48  Probe  
  65  5:51  Zealot x2  
  65  5:56  Pylon  
  69  6:03  Pylon  
  69  6:07  Pylon  
  69  6:22  Zealot x3  
  75  6:25  Zealot  
  75  6:26  Stalker  
  79  6:35  Pylon  
  79  6:36  Pylon  
  79  6:42  Photon Cannon  
  79  6:53  Photon Cannon  
  79  7:04  Stalker  
  81  7:09  Zealot x3  
  81  7:10  Zealot  
  89  7:21  Protoss Ground Weapons Level 2 (Chrono Boost)  
  88  7:23  Protoss Ground Armor Level 2 (Chrono Boost)  
  88  7:30  Zealot x5  
  98  7:38  Gateway  
  98  7:39  Gateway  
  98  7:53  Pylon  
  94  8:01  Nexus  
  94  8:04  Pylon  
  94  8:16  Nexus  
  94  8:18  Pylon  
  94  8:22  Zealot x4  
  102  8:29  Blink  
  102  8:30  Pylon  
  102  8:46  Robotics Facility  
  102  8:50  Robotics Facility  
  102  8:52  Pylon  
  103  8:55  Probe x2  
  104  9:07  Probe x2  
  106  9:10  Zealot x2  
  106  9:11  Zealot  
  106  9:14  Sentry  
  114  9:19  Probe  
  114  9:20  Probe  
  116  9:30  Probe  
  117  9:32  Probe x2  
  119  9:42  Probe  
  119  9:44  Probe x2  
  119  9:45  Immortal, Protoss Shields Level 2 (Chrono Boost)  
  122  10:01  Zealot  
  122  10:02  Zealot x3  
  130  10:21  Shield Battery  
  130  10:23  Shield Battery  
  130  10:27  Stalker x2  
  130  10:28  Pylon  
  134  10:40  Photon Cannon  
  134  10:48  Immortal  
  134  10:49  Probe  
  139  10:51  Probe  
  140  10:57  Zealot x2  
  144  11:11  Probe x2  
  144  11:13  Probe x2  
  148  11:23  Probe  
  148  11:24  Probe  
  148  11:25  Assimilator, Probe x2  
  152  11:26  Immortal (Chrono Boost)  
  152  11:30  Assimilator  
  156  11:35  Probe  
  156  11:36  Probe  
  138  12:09  Zealot  
  138  12:10  Stalker x2  
  138  12:11  Sentry x3  
Show
View Real Time Build Order
Export as new Build Order

airboss Terran 

Build Orders:  

Get SALT Encoding   

  12  0:01  SCV  
  13  0:13  SCV  
  14  0:19  Supply Depot  
  14  0:25  SCV  
  15  0:40  SCV  
  15  0:42  Barracks  
  16  0:52  SCV  
  17  1:04  SCV  
  18  1:16  SCV  
  19  1:21  Command Center  
  19  1:29  Marine, SCV  
  21  1:34  Supply Depot  
  21  1:40  Refinery  
  21  1:47  SCV  
  22  2:00  Orbital Command  
  22  2:02  Refinery  
  22  2:07  Marine  
  23  2:15  Barracks  
  23  2:26  SCV  
  24  2:32  Supply Depot  
  24  2:33  Marine  
  25  2:38  SCV  
  26  2:51  SCV  
  27  2:57  Bunker  
  27  3:01  Factory  
  27  3:03  SCV  
  27  3:04  SCV  
  29  3:11  Barracks Tech Lab  
  29  3:12  Barracks Reactor  
  29  3:17  Engineering Bay  
  29  3:30  Orbital Command  
  29  3:42  SCV  
  29  3:47  Factory Tech Lab, Starport  
  30  3:50  Marine x2  
  30  3:53  Marauder  
  30  3:54  SCV  
  30  3:55  Concussive Shells  
  35  4:01  SCV  
  36  4:05  Refinery  
  36  4:06  Refinery  
  36  4:08  SCV  
  37  4:13  SCV  
  38  4:17  Supply Depot  
  38  4:20  SCV  
  39  4:25  SCV  
  39  4:26  Siege Tank  
  43  4:31  Marine x2  
  43  4:32  SCV  
  43  4:33  Marine  
  43  4:36  Medivac  
  49  4:47  Missile Turret  
  49  4:52  Terran Infantry Weapons Level 1, Missile Turret  
  49  4:54  Combat Shield  
  49  5:03  Armory, SCV  
  50  5:07  Missile Turret  
  50  5:13  SCV  
  51  5:16  SCV  
  51  5:18  Sensor Tower  
  52  5:25  Supply Depot, SCV  
  52  5:26  Medivac  
  55  5:31  Marine x2  
  55  5:33  Marauder  
  59  5:39  Siege Tank  
  62  5:49  Marine x2  
  64  6:12  Missile Turret  
  64  6:13  Stimpack  
  64  6:24  SCV x2  
  64  6:25  Command Center  
  66  6:26  Starport Tech Lab  
  66  6:31  Marauder  
  66  6:32  Marine x2, Starport  
  70  6:44  Supply Depot  
  70  6:45  Supply Depot  
  70  6:46  Siege Tank, Terran Infantry Armor Level 1  
  73  6:48  Supply Depot  
  73  7:00  Marine  
  73  7:01  Marine, Marauder  
  73  7:16  Supply Depot  
  73  7:17  Supply Depot  
  73  7:18  Supply Depot  
  73  7:19  Supply Depot  
  73  7:29  Raven  
  75  7:41  Supply Depot  
  75  7:42  Ghost Academy  
  75  7:43  Supply Depot x2  
  75  7:45  Orbital Command  
  75  8:18  SCV x3  
  77  8:22  Starport Reactor  
  79  8:28  Viking  
  79  8:44  Terran Infantry Weapons Level 2  
  79  8:47  Terran Vehicle Weapons Level 1  
  79  8:59  Marine x2  
  79  9:00  Marauder  
  83  9:03  Medivac x2  
  83  9:04  Banshee  
  83  9:06  Siege Tank  
  93  9:20  Ghost, Barracks  
  95  9:26  Barracks  
  95  9:29  Barracks  
  95  9:47  Sensor Tower  
  94  10:17  Marine x2  
  94  10:18  Marauder  
  98  10:22  Barracks Tech Lab x2, Barracks Reactor  
  98  10:50  Missile Turret  
  98  10:53  Missile Turret  
  98  11:04  Marine x3  
  98  11:05  Marauder x3  
  98  11:07  SCV  
  98  11:08  SCV  
  109  11:12  Sensor Tower  
  109  11:15  Orbital Command  
  72  12:01  Marine x3  
  63  12:02  Marine, Marauder x3  
  73  12:19  Command Center  
  73  12:23  Marauder x2  
  73  12:24  Marauder  
Tags
 
Add a new tag
Caveats
  • Supply blocks, unpowered buildings, or Contaminate may cause inaccurate times.
  • Supply counts are checked every 10 seconds.